 Dungeon Crawl Stone Soup version 0.18.1-50-g88ac8fd (webtiles) character file.

35 grulito the Conjurer (level 3, -4/22 HPs)
             Began as a High Elf Conjurer on Sept 18, 2016.
             Slain by a worm (7 damage)
             ... on level 2 of the Dungeon.
             The game lasted 00:02:55 (1327 turns).

grulito the Conjurer (High Elf Conjurer)            Turns: 1327, Time: 00:02:55

Health: -4/22      AC:  2    Str:  7    XL:     3   Next: 17%
Magic:  2/7        EV: 13    Int: 19    God:
Gold:   55         SH:  0    Dex: 16    Spells: 1 memorised, 5 levels left

rFire  . . .     SeeInvis .     e - +0 dagger
rCold  . . .     Gourm    .     a - +0 robe
rNeg   . . .     Faith    .     (no shield)
rPois  .         Spirit   .     (no helmet)
rElec  .         Dismiss  .     (no cloak)
rCorr  .         Reflect  .     (no gloves)
SustAt .         Harm     .     (no boots)
MR     .....                    (no amulet)
Stlth  ++........               (no ring)
                                (no ring)

@: not resistant to hostile enchantments, unstealthy
A: no striking features
a: no special abilities


You were on level 2 of the Dungeon.
You were not hungry.

You visited 1 branch of the dungeon, and saw 2 of its levels.

You collected 55 gold pieces.

Inventory:

Hand Weapons
 e - a +0 dagger (weapon)
Armour
 a - a +0 robe (worn)
Jewellery
 i - a cursed -2 ring of dexterity {unknown}
 l - an uncursed ring of resist corrosion {unknown}
Scrolls
 d - a scroll of noise {unknown}
 h - 2 scrolls of remove curse {unknown}
 k - a scroll of blinking {unknown}
 m - a scroll of fear {unknown}
 n - a scroll of identify {unknown}
Potions
 f - a potion of resistance {unknown}
 g - a potion of magic {unknown}
 o - a potion of might {unknown}
Books
 b - a book of Conjurations

   Spells                             Type                      Level
   a - Magic Dart                     Conjuration                  1
   b - Searing Ray                    Conjuration                  2
   c - Dazzling Spray                 Conjuration/Hexes            3
   d - Fulminant Prism                Conjuration/Hexes            4
   e - Iskenderun's Mystic Blast      Conjuration                  4
   f - Iskenderun's Battlesphere      Conjuration/Charms           5
Comestibles
 c - 2 bread rations
 j - 2 beef jerkies
 p - 2 chunks of flesh


   Skills:
 * Level 0.4 Fighting
 - Level 2.1 Dodging
 - Level 2.1 Stealth
 - Level 2.4 Spellcasting
 * Level 5.5 Conjurations


You had 5 spell levels left.
You knew the following spells:

 Your Spells              Type           Power        Failure   Level  Hunger
a - Magic Dart            Conj           ###.         1%          1    #......


Dungeon Overview and Level Annotations

Branches:
Dungeon (2/15)

Altars:

Annotations:
D:2 Sigmund


Message History

The worm is lightly wounded.
You hit the worm.
The worm is lightly wounded.
The worm barely misses you.
Casting: Magic Dart
Confirm with . or Enter, or press ? or * to list all spells.
Aiming: Magic Dart
Press: ? - help, Shift-Dir - straight line, f - worm
Aim: a worm (lightly wounded)
The magic dart hits the worm.
The worm is moderately wounded.
Casting: Magic Dart
Confirm with . or Enter, or press ? or * to list all spells.
Aiming: Magic Dart
Press: ? - help, Shift-Dir - straight line, f/p - worm
Aim: a worm (moderately wounded)
The magic dart hits the worm.
The worm is moderately wounded.
The worm bites you!
You die...

.###.#
......†.....# .#
#.# ....(.......#
.# #.#
............# .#
#.# ............#
.#
#.####............#
.#
#....########.#####
.# ####.# #.# .#
#.# #w# ## #.# #@#
#.# #.# #.# #.# #.#
#.# #.# #.#
#.########.#
#..........#
############


You could see a worm.

Vanquished Creatures
  An ooze (D:1)
  A worm (D:2)
  A dart slug (D:1)
  2 bats (D:1)
  3 goblins (D:1)
  A hobgoblin (D:2)
  6 jackals (D:1)
  4 kobolds (D:1)
  3 giant newts (D:1)
  2 rats
24 creatures vanquished.

Notes
Turn   | Place    | Note
--------------------------------------------------------------
     0 | D:1      | grulito the High Elf Conjurer began the quest for the Orb.
     0 | D:1      | Reached XP level 1. HP: 11/11 MP: 4/4
   170 | D:1      | Reached XP level 2. HP: 17/17 MP: 4/6
   206 | D:1      | Reached skill level 5 in Conjurations
   816 | D:1      | Reached XP level 3. HP: 22/22 MP: 3/7
  1070 | D:2      | Noticed Sigmund
  1327 | D:2      | Slain by a worm

Skill      XL: |  1  2 |
---------------+-------+-----
Conjurations   | 5 |  5.5
Fighting       | |  0.4
Dodging        | |  2.1
Stealth        | |  2.1
Spellcasting   | |  2.4

Action                   || total
-------------------------++-------
Melee: Unarmed           ||     9
       Dagger            ||    27
 Cast: Magic Dart        ||    44
 Stab: Sleeping          ||     1
  Eat: Chunk             ||     1
Armor: Robe              ||     7
Dodge: Dodged            ||    29
